YL
PADDINGTON WORKERS @ SUTHERLAND STARS
09/01/2022
 
TOP OF THE 1ST
Paddington Workers batting - Pitching for Sutherland Stars : LHP Kerrod Swinburn
Pitching: LHP Kerrod Swinburn
Batting: RHB Jamie Newth 0-0: SINGLE (Groundball, 4MD, EV 101.3 MPH)
Batting: LHB Ray Bebbington 0-0: Ball
Jamie Newth steals 2nd base (no throw)
1-0: Ball
2-0: Foul Ball, location: 7LMF
2-1: Swinging Strike
2-2: Ball
3-2: DOUBLE (Flyball, 78D, EV 101.9 MPH)
Jamie Newth scores
Batting: RHB Noel Dye 0-0: Ball
1-0: Foul Ball, location: 2F
1-1: Fly out, F4 (Popup, 4M, EV 76.3 MPH)
Batting: LHB Tony Trippas 0-0: Called Strike
0-1: Called Strike
0-2: Foul Ball, location: 7LMF
0-2: Ball
1-2: Foul Ball, location: 5F
1-2: Ball
2-2: Ball
3-2: Strikes out swinging
Batting: LHB Mark Harris 0-0: Ball
1-0: Foul Ball, location: 23FF
1-1: Ball
2-1: Ground out U3 (Groundball, 3, EV 83.8 MPH)
Top of the 1st over - 1 run, 2 hits, 0 errors, 1 left on base; Paddington 1 - Sutherland 0
BOTTOM OF THE 1ST
Sutherland Stars batting - Pitching for Paddington Workers : RHP Ray Braytham
Pitching: RHP Ray Braytham
Batting: RHB Shane Leaper 0-0: Ball
1-0: Ball
2-0: Ball
3-0: Base on Balls
Batting: LHB John Quaid 0-0: Sac Bunt to 15S - play at first, batter OUT! 1-3
Shane Leaper to second
Batting: RHB Noel Biddulph 0-0: Called Strike
0-1: Ball
1-1: Fly out, F4 (Popup, 4, EV 60.0 MPH)
Batting: RHB Adrian Draycott 0-0: Ball
1-0: Ball
2-0: Foul Ball, location: 5FF
2-1: Fly out, F5 (Line Drive, 5L, EV 75.6 MPH)
Bottom of the 1st over - 0 runs, 0 hits, 0 errors, 1 left on base; Paddington 1 - Sutherland 0
TOP OF THE 2ND
Paddington Workers batting - Pitching for Sutherland Stars : LHP Kerrod Swinburn
Batting: SHB Jerry Surridge 0-0: Ball
1-0: Ball
2-0: Foul Ball, location: 2F
2-1: Foul Ball, location: 9LDF
2-2: Ball
3-2: Foul Ball, location: 2F
3-2: Strikes out swinging
Batting: SHB David Collins 0-0: Ball
1-0: Ball
2-0: Foul Ball, location: 9LSF
2-1: SINGLE (Line Drive, 78M, EV 91.9 MPH)
Batting: RHB Paul Taylforth 0-0: Called Strike
David Collins steals 2nd base
0-1: Ball
1-1: Fly out, F8 (Flyball, 8RS, EV 73.8 MPH)
Batting: LHB Robbie Warburton 0-0: Ball
1-0: Swinging Strike
1-1: Foul Ball, location: 23FF
1-2: Foul Ball, location: 3SF
1-2: Foul Ball, location: 2F
1-2: Ball
2-2: Strikes out swinging
Top of the 2nd over - 0 runs, 1 hit, 0 errors, 1 left on base; Paddington 1 - Sutherland 0
BOTTOM OF THE 2ND
Sutherland Stars batting - Pitching for Paddington Workers : RHP Ray Braytham
Batting: LHB Don Harragon 0-0: Called Strike
0-1: SINGLE (Groundball, 34, EV 104.4 MPH)
Batting: RHB Jersey Rosbottom 0-0: Sac Bunt to 2L - play at first, batter OUT! 2-3
Don Harragon to second
Batting: LHB Nunzio Garrone 0-0: Ball
1-0: Ball
2-0: Reached on error, E4 (Groundball, 4, EV 99.4 MPH)
Batting: RHB Fred Excell 0-0: Swinging Strike
0-1: Ball
1-1: Swinging Strike
1-2: Strikes out looking
Batting: LHB Beau Inions 0-0: Ball
1-0: Ball
2-0: Called Strike
2-1: Called Strike
2-2: Strikes out swinging
Bottom of the 2nd over - 0 runs, 1 hit, 1 error, 2 left on base; Paddington 1 - Sutherland 0
TOP OF THE 3RD
Paddington Workers batting - Pitching for Sutherland Stars : LHP Kerrod Swinburn
Batting: RHB Jamie Newth 0-0: Ball
1-0: SINGLE (Groundball, 6S, EV 68.8 MPH) (infield hit)
Batting: LHB Ray Bebbington 0-0: Ball
1-0: Ball
Jamie Newth steals 2nd base
2-0: Ball
3-0: Base on Balls
Batting: RHB Noel Dye 0-0: Ball
1-0: Ball
2-0: Foul Ball, location: 2F
2-1: Ball
3-1: Called Strike
3-2: Strikes out swinging
Batting: LHB Tony Trippas 0-0: Called Strike
0-1: Ball
1-1: Called Strike
1-2: Foul Ball, location: 7LSF
1-2: Foul Ball, location: 7LSF
1-2: Ball
2-2: Foul Ball, location: 5F
2-2: Foul Ball, location: 5F
2-2: Foul Ball, location: 2F
2-2: Fielders Choice at 2nd, 1-6 (Groundball, 13, EV 76.9 MPH)
Jamie Newth to third
Batting: LHB Mark Harris 0-0: Called Strike
0-1: Ball
1-1: Ball
2-1: Ball
3-1: Fly out, F5 (Line Drive, 5, EV 69.4 MPH)
Top of the 3rd over - 0 runs, 1 hit, 0 errors, 2 left on base; Paddington 1 - Sutherland 0
BOTTOM OF THE 3RD
Sutherland Stars batting - Pitching for Paddington Workers : RHP Ray Braytham
Batting: RHB Shane Leaper 0-0: Ball
1-0: Foul Ball, location: 5SF
1-1: Called Strike
1-2: Strikes out looking
Batting: LHB John Quaid 0-0: Ball
1-0: Fly out, F7 (Flyball, 78M, EV 76.9 MPH)
Batting: RHB Noel Biddulph 0-0: Ball
1-0: Called Strike
1-1: Foul Ball, location: 2F
1-2: Strikes out swinging
Bottom of the 3rd over - 0 runs, 0 hits, 0 errors, 0 left on base; Paddington 1 - Sutherland 0
TOP OF THE 4TH
Paddington Workers batting - Pitching for Sutherland Stars : LHP Kerrod Swinburn
Batting: SHB Jerry Surridge 0-0: Ball
1-0: Ball
2-0: Called Strike
2-1: Ball
3-1: Swinging Strike
3-2: Fly out, F8 (Flyball, 8RXD, EV 83.1 MPH)
Batting: SHB David Collins 0-0: Called Strike
0-1: Ball
1-1: Called Strike
1-2: Ball
2-2: Foul Ball, location: 2F
2-2: Foul Ball, location: 7LMFF
2-2: Ball
3-2: Fly out, F9 (Flyball, 9, EV 83.1 MPH)
Batting: RHB Paul Taylforth 0-0: Called Strike
0-1: SINGLE (Groundball, 6MD, EV 106.3 MPH)
Batting: LHB Robbie Warburton 0-0: Ball
1-0: Swinging Strike
1-1: Fielders Choice at 2nd, 5-4 (Groundball, 56, EV 97.5 MPH)
Top of the 4th over - 0 runs, 1 hit, 0 errors, 1 left on base; Paddington 1 - Sutherland 0
BOTTOM OF THE 4TH
Sutherland Stars batting - Pitching for Paddington Workers : RHP Ray Braytham
Batting: RHB Adrian Draycott 0-0: Fly out, F9 (Flyball, 9LD, EV 92.5 MPH)
Batting: LHB Don Harragon 0-0: Swinging Strike
0-1: Called Strike
0-2: Ball
1-2: Strikes out swinging
Batting: RHB Jersey Rosbottom 0-0: Called Strike
0-1: Foul Ball, location: 25F
0-2: Strikes out swinging
Bottom of the 4th over - 0 runs, 0 hits, 0 errors, 0 left on base; Paddington 1 - Sutherland 0
TOP OF THE 5TH
Paddington Workers batting - Pitching for Sutherland Stars : LHP Kerrod Swinburn
Batting: RHB Jamie Newth 0-0: Called Strike
0-1: DOUBLE (Line Drive, 7LD, EV 100.6 MPH)
Pitching: RHP Ray Waldron
Batting: LHB Ray Bebbington 0-0: Foul Ball, location: 7LMF
0-1: Ball
1-1: Foul Ball, location: 2F
1-2: Strikes out swinging
Batting: RHB Noel Dye 0-0: Ball
1-0: Fly out, F9 (Line Drive, 9S, EV 105.0 MPH)
Batting: LHB Tony Trippas 0-0: SINGLE (Line Drive, 9S, EV 85.6 MPH)
Jamie Newth to third
Runner from 3rd tries for Home, throw by RF and OUT! 9-2
Top of the 5th over - 0 runs, 2 hits, 0 errors, 1 left on base; Paddington 1 - Sutherland 0
BOTTOM OF THE 5TH
Sutherland Stars batting - Pitching for Paddington Workers : RHP Ray Braytham
Batting: LHB Nunzio Garrone 0-0: Called Strike
0-1: SINGLE (Groundball, 3D, EV 105.0 MPH)
Batting: RHB Fred Excell 0-0: Bunt missed!
0-1: Ball
1-1: Bunted foul
1-2: Strikes out swinging
Batting: LHB Beau Inions 0-0: Ball
Wild Pitch!
Nunzio Garrone to second
1-0: Swinging Strike
1-1: Ball
2-1: Foul Ball, location: 2F
2-2: Foul Ball, location: 2LF
2-2: Strikes out swinging
Batting: RHB Shane Leaper 0-0: Ball
1-0: Hit by Pitch
Batting: LHB John Quaid 0-0: Ball
1-0: Called Strike
1-1: Fly out, F4 (Line Drive, 4, EV 71.9 MPH)
Bottom of the 5th over - 0 runs, 1 hit, 0 errors, 2 left on base; Paddington 1 - Sutherland 0
TOP OF THE 6TH
Paddington Workers batting - Pitching for Sutherland Stars : RHP Ray Waldron
Batting: LHB Mark Harris 0-0: Ball
1-0: Swinging Strike
1-1: Called Strike
1-2: Ball
2-2: Ball
3-2: Strikes out swinging
Batting: SHB Jerry Surridge 0-0: Foul Ball, location: 2F
0-1: Ball
1-1: Foul Ball, location: 2F
1-2: Fly out, F5 (Popup, 15, EV 78.8 MPH)
Batting: SHB David Collins 0-0: Foul Ball, location: 5FF
0-1: Ball
1-1: Ball
2-1: Ball
3-1: Reached via error on a dropped throw from 2B, E3 (Groundball, 4, EV 103.8 MPH)
Batting: RHB Paul Taylforth 0-0: Called Strike
0-1: Ball
1-1: Ball
2-1: Swinging Strike
2-2: Ball
3-2: Strikes out looking
Top of the 6th over - 0 runs, 0 hits, 1 error, 1 left on base; Paddington 1 - Sutherland 0
BOTTOM OF THE 6TH
Sutherland Stars batting - Pitching for Paddington Workers : RHP Ray Braytham
Batting: RHB Noel Biddulph 0-0: Ball
1-0: Swinging Strike
1-1: SINGLE (Line Drive, 34D, EV 101.3 MPH)
Batting: RHB Adrian Draycott 0-0: Foul Ball, location: 25F
0-1: Foul Ball, location: 2F
0-2: Ball
1-2: Ball
2-2: SINGLE (Line Drive, 4MD, EV 97.5 MPH)
Noel Biddulph to second
Batting: LHB Don Harragon 0-0: Called Strike
0-1: Ball
1-1: Ball
2-1: Called Strike
2-2: Foul Ball, location: 7LSF
2-2: Foul Ball, location: 25F
2-2: Foul Ball, location: 23F
2-2: Ball
3-2: Base on Balls
Noel Biddulph to third
Adrian Draycott to second
Batting: RHB Jersey Rosbottom 0-0: Called Strike
0-1: Fly out, F7 (Flyball, 7, EV 86.9 MPH)
Batting: LHB Nunzio Garrone 0-0: Called Strike
0-1: Ball
1-1: Foul Ball, location: 7LMF
1-2: Ball
2-2: Ball
3-2: Fly out, F9 (Flyball, 9LSF, EV 90.6 MPH)
Batting: RHB Fred Excell 0-0: Ball
1-0: Called Strike
1-1: Swinging Strike
1-2: Foul Ball, location: 9LDF
1-2: Ball
2-2: Strikes out swinging
Bottom of the 6th over - 0 runs, 2 hits, 0 errors, 3 left on base; Paddington 1 - Sutherland 0
TOP OF THE 7TH
Paddington Workers batting - Pitching for Sutherland Stars : RHP Ray Waldron
Batting: LHB Robbie Warburton 0-0: Ball
1-0: Ball
2-0: Called Strike
2-1: Swinging Strike
2-2: Strikes out swinging
Batting: RHB Jamie Newth 0-0: Called Strike
0-1: Called Strike
0-2: Strikes out swinging
Batting: LHB Ray Bebbington 0-0: Ball
1-0: Ball
2-0: Ball
3-0: Base on Balls
Batting: RHB Noel Dye 0-0: Foul Ball, location: 9LDF
0-1: Ball
1-1: Ball
Ray Bebbington is caught stealing 2nd base 2-4
Top of the 7th over - 0 runs, 0 hits, 0 errors, 0 left on base; Paddington 1 - Sutherland 0
BOTTOM OF THE 7TH
Sutherland Stars batting - Pitching for Paddington Workers : RHP Ray Braytham
Pitching: LHP Tony Graves
Pinch Hitting: LHB Daniel Tolman 0-0: Fly out, F6 (Popup, 6M, EV 68.1 MPH)
Batting: RHB Shane Leaper 0-0: Called Strike
0-1: Ball
1-1: SINGLE (Line Drive, 8RS, EV 99.4 MPH)
Batting: RHB Noel Cranidge 0-0: Ground out 5-3 (Groundball, 56, EV 88.1 MPH)
Shane Leaper to second
Batting: RHB Noel Biddulph 0-0: Ball
1-0: Ball
2-0: Fly out, F8 (Flyball, 8RM, EV 88.8 MPH)
Bottom of the 7th over - 0 runs, 1 hit, 0 errors, 1 left on base; Paddington 1 - Sutherland 0
TOP OF THE 8TH
Paddington Workers batting - Pitching for Sutherland Stars : RHP Ray Waldron
Now in CF: Nunzio Garrone
Now in RF: Daniel Tolman
Batting: RHB Noel Dye 0-0: Ground out 1-3 (Groundball, 13S, EV 68.8 MPH)
Batting: LHB Tony Trippas 0-0: Ball
1-0: Fly out, F8 (Flyball, 8RM, EV 84.4 MPH)
Batting: LHB Mark Harris 0-0: Foul Ball, location: 2F
0-1: Foul Ball, location: 2F
0-2: Ball
1-2: Ball
2-2: Strikes out swinging
Top of the 8th over - 0 runs, 0 hits, 0 errors, 0 left on base; Paddington 1 - Sutherland 0
BOTTOM OF THE 8TH
Sutherland Stars batting - Pitching for Paddington Workers : LHP Tony Graves
Batting: RHB Adrian Draycott 0-0: Foul Ball, location: 5DF
0-1: Foul Ball, location: 2F
0-2: Fly out, F8 (Flyball, 8RD, EV 94.4 MPH)
Batting: LHB Don Harragon 0-0: Called Strike
0-1: Called Strike
0-2: Ball
1-2: Ball
2-2: SINGLE (Line Drive, 7S, EV 105.0 MPH)
Batting: RHB Jersey Rosbottom 0-0: Bunted foul
0-1: Ball
1-1: Ball
2-1: Ball
3-1: Base on Balls
Don Harragon to second
Batting: LHB Nunzio Garrone 0-0: Foul Ball, location: 5DF
0-1: Ball
1-1: Ball
2-1: Called Strike
2-2: Fly out, F6 (Popup, 6, EV 78.1 MPH)
Batting: RHB Fred Excell 0-0: Ball
1-0: DOUBLE (Flyball, 89D, EV 97.5 MPH)
Don Harragon scores
Jersey Rosbottom to third
Runner from 3rd tries for Home, SAFE, throw by RF to home
Batting: LHB Daniel Tolman 0-0: Ball
1-0: Called Strike
1-1: SINGLE (Line Drive, 8LS, EV 93.1 MPH)
Fred Excell to third
Runner from 3rd tries for Home, SAFE, throw by CF to home
Batting: RHB Shane Leaper 0-0: Ball
1-0: Ball
2-0: Ball
Daniel Tolman is caught stealing 2nd base 2-4
Bottom of the 8th over - 3 runs, 3 hits, 0 errors, 0 left on base; Paddington 1 - Sutherland 3
TOP OF THE 9TH
Paddington Workers batting - Pitching for Sutherland Stars : RHP Ray Waldron
Pitching: RHP Macy Edkins
Batting: SHB Jerry Surridge 0-0: Ball
1-0: Ball
2-0: Foul Ball, location: 5SF
2-1: Called Strike
2-2: Ball
3-2: Strikes out swinging
Pinch Hitting: LHB Colin Brewis 0-0: SINGLE (Groundball, 4MD, EV 106.3 MPH)
Batting: RHB Paul Taylforth 0-0: Fly out, F9 (Flyball, 89S, EV 92.5 MPH)
Pinch Hitting: RHB Alex Phillips 0-0: Ball
1-0: Ball
2-0: Ball
3-0: Called Strike
3-1: Fly out, F7 (Flyball, 7D, EV 90.6 MPH)
Top of the 9th over - 0 runs, 1 hit, 0 errors, 1 left on base; Paddington 1 - Sutherland 3
Saturday, May 4th , 2024 - OOTP Baseball 24.9 Build 80